 Dungeon Crawl Stone Soup version 0.31.0-9-g3a7656b989 (webtiles) character file.

Game seed: 7343888796207730993

427 qw the Shooter (level 6, -1/28 (30) HPs)
             Began as a Spriggan Hunter on Feb 2, 2024.
             Slain by a spectral scorpion (4 damage)
             ... on level 4 of the Dungeon.
             The game lasted 00:00:10 (2531 turns).

qw the Shooter (Spriggan Hunter)                    Turns: 2531, Time: 00:00:11

HP:   -1/28 (30)    AC:  2    Str:  7    XL:     6   Next: 65%
MP:   7/7           EV: 21    Int: 11    God:
Gold: 102           SH:  0    Dex: 20    Spells: 5/5 levels left

rFire   . . .        a - +0 shortbow
rCold   . . .        (shield currently unavailable)
rNeg    . . .        c - +0 robe
rPois   .            (helmet restricted)
rElec   .            (no cloak)
rCorr   .            (gloves unavailable)
SInv    +            (boots unavailable)
Will    +....        (no amulet)
Stlth   ++           (no ring)
HPRegen 0.24/turn    (no ring)
MPRegen 0.10/turn

%: no passive effects
@: drained, very quick
A: very small, no large weapons, unfitting armour, see invisible, speed 3
a: no special abilities


You were on level 4 of the Dungeon.
You visited 1 branch of the dungeon, and saw 4 of its levels.

You collected 102 gold pieces.


Innate Abilities, Weirdness & Mutations

You are very small and have problems with some larger weapons.
You are too small for most types of armour.
You have supernaturally acute eyesight. (SInv)
You cover ground extremely quickly. (Speed+++)


   Skills:
 - Level 2.0 Fighting
 + Level 6.6 Ranged Weapons
 - Level 6.2 Dodging
 - Level 1.5 Stealth


You had 5 spell levels left.
You didn't know any spells.
Your spell library was empty.

Inventory:

Hand Weapons
 a - a +0 shortbow (weapon)
Armour
 c - a +0 robe (worn)
Jewellery
 j - an amulet of magic regeneration
Wands
 d - a wand of flame (5)
Scrolls
 h - a scroll of poison {unknown}
Potions
 b - a potion of attraction {unknown}
 e - 3 potions of mutation
 g - a potion of ambrosia {unknown}
 i - a potion of heal wounds {unknown}
 k - 2 potions of curing {unknown}

Dungeon Overview and Level Annotations

Branches:
Dungeon (4/15)
 Temple: D:4-7

Altars:

Shops:
D:2 *

Annotations:
D:4 Sigmund


Message History

The spectral scorpion barely misses you.
You shoot an arrow.
The arrow hits the spectral scorpion but does no damage.
The spectral scorpion is moderately damaged.
The spectral scorpion misses you.
You shoot an arrow.
The arrow hits the spectral scorpion but does no damage.
The spectral scorpion is moderately damaged.
The spectral scorpion hits you.
You feel drained. The spectral scorpion hits you.
You feel drained.
You shoot an arrow. The arrow hits the spectral scorpion!
The spectral scorpion is severely damaged.
The spectral scorpion closely misses you.
You shoot an arrow.
The arrow hits the spectral scorpion but does no damage.
The spectral scorpion is severely damaged.
The spectral scorpion completely misses you.
You shoot an arrow.
The arrow barely misses the spectral scorpion.
The spectral scorpion closely misses you.
You shoot an arrow.
The arrow barely misses the spectral scorpion.
The spectral scorpion closely misses you. x2
You shoot an arrow.
The arrow hits the spectral scorpion but does no damage.
The spectral scorpion is severely damaged.
The spectral scorpion misses you.
An adder skeleton comes into view.
You shoot an arrow.
The arrow barely misses the spectral scorpion.
The spectral scorpion misses you.
You shoot an arrow.
The arrow hits the spectral scorpion but does no damage.
The spectral scorpion is severely damaged.
The spectral scorpion completely misses you.
You shoot an arrow. The arrow hits the spectral scorpion.
The spectral scorpion is severely damaged.
The spectral scorpion hits you. The adder skeleton misses you.
The spectral scorpion hits you.
You die...

#### ..# ..# 7.##
7Z.# 7@Z#
7.....## #
77.......# .# 7
7........) .#.7
7......... ...7
#......#.. ##...7
#......##. .....7
#)........ ...#..
777777##.........


You could see a spectral scorpion and an adder skeleton.

Vanquished Creatures
  An ogre (D:4)
  A phantom (D:4)
  A hound (D:4)
  A bombardier beetle (D:3)
  Jessica (D:2)
  2 orc wizards (D:3)
  A hound skeleton (D:4)
  4 adders
  4 ribbon worms
  6 orcs
  9 ball pythons
  5 bats
  9 endoplasms
  A giant cockroach (D:3)
  10 goblins
  3 hobgoblins (D:3)
  7 kobolds
  A quokka (D:1)
  6 frilled lizards
  7 rats
80 creatures vanquished.

Notes
Turn   | Place    | Note
-------+----------+-------------------------------------------
     0 | D:1      | qw the Spriggan Hunter began the quest for the Orb.
     0 | D:1      | Reached XP level 1. HP: 10/10 MP: 2/2
     0 | D:1      | 0 ||| qw: Version: 0.3-a-155-g5e7d8dd
     0 | D:1      | 0 ||| qw: Game counter: 1752
     0 | D:1      | 0 ||| qw: Melee chars always use a shield: true
     0 | D:1      | 0 ||| qw: God list: Okawaru
     0 | D:1      | 0 ||| qw: Allow faded altars: false
     0 | D:1      | 0 ||| qw: Do Orc after clearing Dungeon:15 true
     0 | D:1      | 0 ||| qw: Do second Lair branch before Depths: true
     0 | D:1      | 0 ||| qw: Lair rune preference: random
     0 | D:1      | 0 ||| qw: Goals: Normal
     0 | D:1      | 0 ||| PLANNING D:1-11
    57 | D:1      | Reached skill level 3 in Dodging
   271 | D:1      | Reached XP level 2. HP: 14/14 MP: 3/3
   709 | D:1      | 709 ||| READING scroll labelled QUOL FIPHIAM.
   709 | D:1      | 709 ||| IDENTIFYING golden potion
   710 | D:1      | 710 ||| READING 3 scrolls labelled YSIOJE FUERA.
   714 | D:1      | 714 ||| READING 3 scrolls labelled DOR ZUATECZU.
   715 | D:1      | 715 ||| DROPPING scroll of butterflies.
   716 | D:1      | 716 ||| DROPPING 2 scrolls of amnesia.
   788 | D:2      | Reached XP level 3. HP: 18/18 MP: 4/4
   790 | D:2      | Found a faded altar of an unknown god.
  1040 | D:2      | Found Xinal's General Store.
  1049 | D:2      | 1049 ||| SHOPLISTING +0 cloak (58 gold, have 49).
  1049 | D:2      | 1049 ||| SHOPLISTING +2 troll leather armour (351 gold,
                  | have 49).
  1111 | D:2      | Reached XP level 4. HP: 22/22 MP: 5/5
  1219 | D:2      | Noticed Jessica
  1226 | D:2      | Killed Jessica
  1301 | D:2      | 1301 ||| READING scroll of identify.
  1301 | D:2      | 1301 ||| IDENTIFYING viscous purple potion
  1302 | D:2      | 1302 ||| READING scroll labelled VOTUWELUOTZ.
  1303 | D:2      | 1303 ||| READING scroll labelled TACOZA LOPLO.
  1404 | D:2      | 1404 ||| READING scroll labelled XIQOVA OXZIV.
  1405 | D:2      | 1405 ||| READING scroll labelled YSOREM UDWASTI.
  1406 | D:2      | 1406 ||| READING scroll labelled ERAOVIUKLO.
  1407 | D:2      | 1407 ||| DROPPING potion of brilliance.
  1725 | D:3      | 1725 ||| FLEEEEING.
  1728 | D:3      | 1728 ||| FLEEEEING.
  1729 | D:3      | 1729 ||| FLEEEEING.
  1730 | D:3      | 1730 ||| FLEEEEING.
  1731 | D:3      | 1731 ||| FLEEEEING.
  1732 | D:3      | 1732 ||| FLEEEEING.
  1733 | D:3      | 1733 ||| FLEEEEING.
  1745 | D:3      | Reached XP level 5. HP: 18/26 MP: 6/6
  2271 | D:3      | 2271 ||| READING scroll labelled DIM NYNOCVUIF.
  2271 | D:3      | 2271 ||| ENCHANTING +0 shortbow.
  2310 | D:4      | 2310 ||| PLANNING OSSUARY
  2339 | D:4      | Reached skill level 6 in Ranged Weapons
  2358 | D:4      | Noticed a phantom
  2359 | D:4      | 2359 ||| ZAPPING wand of flame (14) at -7,-2 (phantom;
                  | floor).
  2360 | D:4      | 2360 ||| ZAPPING wand of flame (13) at -6,-2 (phantom;
                  | floor).
  2362 | D:4      | 2362 ||| ZAPPING wand of flame (12) at -3,-3 (phantom;
                  | floor).
  2363 | D:4      | 2363 ||| ZAPPING wand of flame (11) at -2,-2 (phantom;
                  | floor).
  2364 | D:4      | 2364 ||| ZAPPING wand of flame (10) at -1,-1 (phantom;
                  | floor).
  2365 | D:4      | 2365 ||| ZAPPING wand of flame (9) at -1,1 (phantom;
                  | floor).
  2365 | D:4      | Killed a phantom
  2366 | D:4      | Reached XP level 6. HP: 28/30 MP: 7/7
  2391 | D:4      | Reached skill level 6 in Dodging
  2504 | D:4      | HP: 5/30 [ogre/+0 giant club (25)]
  2505 | D:4      | 2505 ||| READING 3 scrolls of teleportation.
  2509 | D:4      | Noticed Sigmund
  2510 | D:4      | 2510 ||| ZAPPING wand of flame (8) at -3,-4 (Sigmund;
                  | floor).
  2511 | D:4      | 2511 ||| READING 2 scrolls of teleportation.
  2512 | D:4      | 2512 ||| ZAPPING wand of flame (7) at -2,-2 (Sigmund;
                  | floor).
  2513 | D:4      | 2513 ||| ZAPPING wand of flame (6) at -2,-2 (Sigmund;
                  | floor).
  2514 | D:4      | 2514 ||| READING scroll of teleportation.
  2515 | D:4      | 2515 ||| FLEEEEING.
  2523 | D:4      | HP: 7/30 [spectral scorpion (2)]
  2531 | D:4      | HP: 3/28 [spectral scorpion (4)]
  2531 | D:4      | Slain by a spectral scorpion

Levels and vault maps discovered:
D:1:      ldierk_walled_garden_2, layout_basic
D:2:      layout_loops_ring, basic_ecumenical_altar, serial_shops, shop,
          minmay_misc_feat_more_columns, minmay_tromino_mix6, uniq_jessica
D:3:      layout_basic, nicolae_figureground_sparkle
D:4:      layout_cave_pools, nicolae_overflow_squiral,
          nicolae_ossuary_entry_ruins, dilly_guarded_unrand_morg,
          uniq_crazy_yiuf_cottage, uniq_sigmund

Skill      XL: |  1  2  3  4  5  6 |
---------------+-------------------+-----
Dodging        | 3 4 5 6 |  6.2
Ranged Weapons | 5 6 |  6.6
Fighting       | 2 |  2.0
Stealth        | |  1.5

Action                     |  1- 3 |  4- 6 || total
---------------------------+-------+-------++-------
   Fire: Shortbow          |    92 |   150 ||   242
  Evoke: Wand              |       |     9 ||     9
    Use: Scroll            |     3 |    10 ||    13
 Armour: Robe              |     5 |    19 ||    24
  Dodge: Dodged            |    33 |    43 ||    76

Table legend:
 A = Non-vault XP
 B = Vault XP
 C = Vault XP percentage of total XP
 D = Non-vault monster count
 E = Vault monster count
 F = Vault count percentage of total count
                 A         B        C        D         E       F
            +---------+---------+-------+---------+---------+-------
      Total |     539 |      72 |  11.8 |      74 |       6 |   7.5
            +---------+---------+-------+---------+---------+-------
        D:1 |      29 |       0 |   0.0 |      17 |       0 |   0.0
        D:2 |      59 |      54 |  47.8 |      21 |       5 |  19.2
        D:3 |     156 |       0 |   0.0 |      24 |       0 |   0.0
        D:4 |     295 |      18 |   5.8 |      12 |       1 |   7.7
            +---------+---------+-------+---------+---------+-------
